 Dungeon Sprint DCSS version 0.31-a0-1458-g2f8d4710b4 (webtiles) character file.

Game seed: 17505511376658103934

305604 Groucho the Acrobat (level 14, 91/91 HPs)
             Began as a Felid Berserker on Dec 28, 2023.
             Was a High Priest of Trog.
             Escaped with the Orb!
             The game lasted 00:25:50 (5784 turns).

Groucho the Acrobat (Felid Berserker)               Turns: 5784, Time: 00:25:51

Health: 91/91      AC:  3    Str: 15    XL:     14   Next: 24%
Magic:  34/34      EV: 44    Int:  8    God:    Trog [*****.]
Gold:   2826       SH:  0    Dex: 25    Spells: 38/38 levels left
                                        Lives:  2   Deaths: 3

rFire   + +          +
                       - Unarmed
rCold   + . .        (shield unavailable)
rNeg    . . .        (body armour unavailable)
rPois   .            (helmet unavailable)
rElec   .            (cloak unavailable)
rCorr   .            (gloves unavailable)
SInv    +            (boots unavailable)
Will    ++...        a - amulet "Tibboal" {Spirit rF++ Str+3 Int-2}
Stlth   +++          g - ring of protection from fire
HPRegen 0.35/turn    c - ring of flight
MPRegen 0.24/turn

%: no teleportation, clarity, guardian spirit
@: flying
A: very small, claws 1, fangs 3, see invisible, shaggy fur 3, stealthy paws, no
weapons or thrown items, no armour, multi-lived, agile 1, clarity, high MP 1
0: Orb of Zot
a: Renounce Religion, Berserk, Trog's Hand, Brothers in Arms


You escaped.
You worshipped Trog.
Trog was extremely pleased with you.
You visited 1 branch You collected 4693 gold pieces.
You spent 1867 gold pieces at shops.

Inventory:

Jewellery
 a - the amulet "Tibboal" (around neck) {Spirit rF++ Str+3 Int-2}
   (You bought it in a shop in the Dungeon)

   [amulet of guardian spirit]

   Spirit:    It causes incoming damage to be divided between your reserves of
   health and magic.
   Str+3:     It affects your strength (+3).
   Int-2:     It affects your intelligence (-2).
   rF++:      It greatly protects you from fire.
 c - a ring of flight (right paw)
 g - a ring of protection from fire (left paw)
 k - the ring of the Devil's Team {Will+ MP+9 Str+8}
   (You found it in the Dungeon)

   [ring of magical power]

   Str+8:     It affects your strength (+8).
   Will+:     It increases your willpower.
   MP+9:      It affects your magic capacity (+9).
 o - a +6 ring of dexterity
 s - a ring of resist corrosion
 t - a ring of positive energy
 u - the ring of the Akabeko {Ice rN+ SInv Stlth+}
   (You found it in the Dungeon)

   [ring of ice]

   Ice:       It enhances your ice magic.
   rF-:       It makes you vulnerable to fire.
   rC+:       It protects you from cold.
   rN+:       It protects you from negative energy.
   SInv:      It lets you see invisible.
   Stlth+:    It makes you more stealthy.
 y - the amulet "Myoc" {Acrobat +Inv}
   (You bought it in a shop in the Dungeon)

   [amulet of the acrobat]

   Acrobat:   It increases your evasion while moving and waiting.
   +Inv:      It lets you turn invisible.
 z - a ring of ice
Wands
 v - a wand of light (3)
 w - a wand of polymorph (6)
 x - a wand of flame (9)
Scrolls
 b - 4 scrolls of identify
 h - 2 scrolls of fog {unknown}
 j - a scroll of poison {unknown}
 m - a scroll of revelation {unknown}
 r - 5 scrolls of acquirement {unknown}
Potions
 d - 23 potions of magic
 e - a potion of berserk rage
 f - 8 potions of enlightenment
 i - 3 potions of resistance {unknown}
 n - 2 potions of degeneration {unknown}
 p - 3 potions of curing
 q - a potion of cancellation {unknown}
 A - 19 potions of mutation


   Skills:
 + Level 18.4 Fighting
 + Level 23.2 Dodging
 - Level 23.0 Stealth
 + Level 18.4 Unarmed Combat
 + Level 12.6 Spellcasting
 + Level 9.9 Evocations


You had 38 spell levels left.
You didn't know any spells.
Your spell library was empty.

Dungeon Overview and Level Annotations

Branches:
Dungeon (1/1)

Altars:
Cheibriados
Dithmenos
Elyvilon
Fedhas
Gozag
Hepliaklqana
Kikubaaqudgha
Makhleb
Nemelex Xobeh
Okawaru
Qazlal
Ru
Sif Muna
Trog
Uskayaw
Vehumet
Wu Jian
Xom
Yredelemnul
Zin
The Shining One
Jiyva
Lugonu

Shops:
D ::*?=(:=:!([=![=[!:

Annotations:
D exclusions: ice statue, obsidian statue, oklob plant and 1 more exclusion


Innate Abilities, Weirdness & Mutations

You have sharp claws.
You have razor-sharp teeth.
You have supernaturally acute eyesight. (SInv)
Your thick and shaggy fur keeps you warm. (AC +3, rC+)
Your paws help you pounce on unaware monsters.
You are incapable of wielding weapons or throwing items.
You cannot wear armour.
You gain extra lives every three experience levels.
You are agile. (Dex +4, Str/Int -1)
You possess an exceptional clarity of mind.
You have an increased reservoir of magic. (+10% MP)


Message History

Your deep troll bites the large abomination!!!
Your deep troll closely misses the large abomination.
Your deep troll claws the large abomination!
The large abomination hits your deep troll!!
Your deep troll dies!
Your deep troll's corpse disappears in a puff of smoke!
Unknown command.
A red film seems to cover your vision as you go berserk!
You feel yourself moving faster!
You feel mighty!
The large abomination completely misses you.
You barely miss the large abomination. You claw the large abomination.
You destroy the large abomination!
Trog accepts your kill.
Trog does not appreciate your training of magic skills!
Unknown command.
Unknown command.
You feel a strong urge to attack something.
You feel your anger nearly subside.
Things that are here:
a +0 short sword; a +0 short sword; a +0 leather armour of willpower You are no longer berserk.
You are exhausted.
You feel yourself slow down.
There is an open door, spattered with blood here.
You reach down and close the door.
There is a fountain of blood here.
There is a fountain of blood here.
You feel the effects of Trog's Hand fading.
Things that are here:
a +0 dagger of venom; 5 curare-tipped darts
There is an open door, spattered with blood here.
Your skin stops crawling.
You feel less strong-willed.
You reach down and close the door.
You feel yourself speed up.
You see here a +0 arbalest.
You recover from your berserk rage.
There is an open door, spattered with blood here.
There is an open door, spattered with blood here.
There is a staircase leading out of the dungeon, spattered with blood here.
You have escaped!

##########~~#+++#+++#####....#.##
#########~~~.........#..'....#..#
..∩.....#~~~~.##+##..#(.####.#†.#
.∩.∩....#~~~~##.#.##.####:.+.##.#
..∩.∩...#~~~~#.##..#....#.[#^^.##
...∩.∩..#~~#####..####..#####..##
....∩.⌠.#~##.# #'###.##..#..'..#.
...∩.∩..#~#..###.##...#..#..#..#.
..∩.∩...'~'.##'[@.'###'..####.^##
.∩.∩....#~#.#.##.##...#....###^..
▓▓▓▓▓▓###~##.###'###.##....).~~~~
)h$######~~####...####~~.....~#'#


)hJ#xx ##~~~#.)#..#~~~~~~~..~#.. ∩Ph+.)#+ #'#~##...##~~~~~~~~.~#..
!.$#(##≈##.#~~##+##~~~≈≈§~~~§~#.. "..###§§≈####~~~~~~~~~~≈§≈≈~~~#.. #+###≈§§≈
#+++#+++#~§§≈≈§≈≈§#._ There were no monsters in sight!

Vanquished Creatures
  A hellephant (D)
  A deep elf master archer (D)
  A quicksilver dragon (D)
  Murray (D)
  Gastronok (D)
  A draconian shifter (D)
  Nessos (D)
  A lorocyproca (D)
  A crystal guardian (D)
  A fire dragon (D)
  A great orb of eyes (D)
  An ice dragon (D)
  2 boulder beetles (D)
  2 hell hogs (D)
  Sonja (D)
  A glowing orange brain (D)
  3 sixfirhies (D)
  2 death drakes (D)
  2 deep trolls (D)
  A harpy (D)
  2 orc sorcerers (D)
  5 shining eyes (D)
  3 manticores (D)
  A large abomination (D)
  An eye of devastation (D)
  A merfolk siren (D)
  2 cane toads (D)
  A yaktaur (D)
  3 polar bears (D)
  A hornet (D)
  8 glass eyes (D)
  3 yaks (D)
  4 neqoxecs (D)
  2 redbacks (D)
  A vampire mosquito (D)
  Menkaure (D)
  2 swamp drakes (D)
  A crocodile (D)
  6 weeping skulls (D)
  4 lava snakes (D)
  A jelly (D)
  A spectral adder (D)
  3 worms (D)
  A ballistomycete spore (D)
84 creatures vanquished.

Vanquished Creatures (collateral kills)
  An Orb Guardian (D)
  2 quicksilver dragons (D)
  2 sphinxes (D)
  An Executioner (D)
  A kraken (D)
  2 lorocyprocas (D)
  A dire elephant (D)
  7 shining eyes (D)
  An orc sorcerer (D)
  2 glass eyes (D)
  2 crocodiles (D)
  2 tentacles (D)
24 creatures vanquished.

Vanquished Creatures (others)
  A deep elf blademaster (D)
  A crocodile (D)
  A spectral jackal (D)
  A ballistomycete spore (D)
  11 tentacles (D)
15 creatures vanquished.

Grand Total: 123 creatures vanquished

Notes
Turn   | Place    | Note
-------+----------+-------------------------------------------
     0 | D        | Groucho the Felid Berserker began the quest for the Orb.
     0 | D        | Reached XP level 1. HP: 12/12 MP: 2/2
    13 | D        | Reached skill level 5 in Stealth
    58 | D        | Killed a crocodile
   157 | D        | Noticed a boulder beetle
   157 | D        | Noticed a boulder beetle
   160 | D        | Noticed a merfolk siren
   194 | D        | Killed a merfolk siren
   194 | D        | Reached ** piety under Trog
   195 | D        | Reached skill level 15 in Stealth
   195 | D        | Reached XP level 2. HP: 17/18 MP: 3/3
   195 | D        | Reached XP level 3. HP: 20/22 MP: 4/4
   195 | D        | Reached XP level 4. HP: 24/26 MP: 5/5
   195 | D        | Gained a life (2 lives remaining)
   195 | D        | Reached XP level 5. HP: 28/30 MP: 6/6
   195 | D        | Gained mutation: You are covered in thick fur. (AC +2)
                  | [Felid growth]
   195 | D        | Reached XP level 6. HP: 33/35 MP: 7/7
   203 | D        | Noticed a neqoxec
   203 | D        | Noticed a neqoxec
   205 | D        | Noticed a neqoxec
   214 | D        | Killed a neqoxec
   215 | D        | Reached skill level 5 in Fighting
   215 | D        | Reached skill level 5 in Unarmed Combat
   221 | D        | HP: 1/36 [neqoxec/psychic fangs (7)]
   221 | D        | Killed from afar by a neqoxec
   221 | D        | Lost a life (1 life remaining)
   228 | D        | Killed a neqoxec
   229 | D        | Reached XP level 7. HP: 37/40 MP: 6/8
   229 | D        | Gained a life (2 lives remaining)
   232 | D        | Killed a neqoxec
   236 | D        | Noticed a neqoxec
   241 | D        | Slain by a neqoxec
   241 | D        | Lost a life (1 life remaining)
   251 | D        | Found a blossoming altar of Fedhas.
   252 | D        | Found a white marble altar of Elyvilon.
   253 | D        | Found a shadowy altar of Dithmenos.
   253 | D        | Found a corrupted altar of Lugonu.
   253 | D        | Found an opulent altar of Gozag.
   253 | D        | Found a burning altar of Makhleb.
   254 | D        | Found a snail-covered altar of Cheibriados.
   254 | D        | Found an ancient bone altar of Kikubaaqudgha.
   254 | D        | Found a bloodstained altar of Trog.
   266 | D        | Noticed an ice statue
   280 | D        | Killed a neqoxec
   280 | D        | Reached *** piety under Trog
   322 | D        | Found Xited's Distillery.
   322 | D        | Found Coustrenn's Jewellery Boutique.
   322 | D        | Found Non Juj's Jewellery Shop.
   323 | D        | Found Qojud's Antique Armour Shop.
   325 | D        | Found Toashe's Antique Armour Shop.
   325 | D        | Found Bamp's Antique Weapon Boutique.
   325 | D        | Found Odeis's Distillery.
   325 | D        | Found Hozuusto's Book Boutique.
   326 | D        | Found Kuoth's Weapon Boutique.
   326 | D        | Found Athronan's Jewellery Shop.
   327 | D        | Found Ecwa's Antique Armour Shop.
   327 | D        | Found Wedgh's Book Boutique.
   328 | D        | Noticed Menkaure
   331 | D        | Noticed a slime creature
   343 | D        | Killed Menkaure
   345 | D        | Found Medd's Magic Scroll Boutique.
   345 | D        | Found Eschis's Assorted Antiques.
   345 | D        | Noticed an oklob plant
   346 | D        | Found Rupnaw's Book Shoppe.
   346 | D        | Noticed a slime creature
   348 | D        | Noticed a slime creature
   364 | D        | Noticed an unseen horror
   380 | D        | Noticed an unseen horror
   386 | D        | Bought a ring of flight for 227 gold pieces
   391 | D        | Bought a ring of protection from fire for 275 gold pieces
   449 | D        | Killed a boulder beetle
   450 | D        | Reached XP level 8. HP: 48/48 MP: 9/9
   838 | D        | Found a viscous altar of Jiyva.
   838 | D        | Found a shimmering blue altar of Sif Muna.
   839 | D        | Found a hazy altar of Hepliaklqana.
   839 | D        | Found a sacrificial altar of Ru.
   840 | D        | Found a stormy altar of Qazlal.
   840 | D        | Found an ornate altar of the Wu Jian Council.
   841 | D        | Noticed a yaktaur
   841 | D        | Noticed a hornet
   841 | D        | Noticed a polar bear
   842 | D        | Noticed a polar bear
   842 | D        | Noticed a polar bear
   850 | D        | Killed a polar bear
   855 | D        | Killed a hornet
   863 | D        | Killed a polar bear
   863 | D        | Reached **** piety under Trog
   864 | D        | Reached XP level 9. HP: 44/53 MP: 10/10
   886 | D        | Killed a polar bear
  1219 | D        | Killed a yaktaur
  1234 | D        | Killed a boulder beetle
  1235 | D        | Reached skill level 10 in Fighting
  1235 | D        | Reached skill level 10 in Unarmed Combat
  1362 | D        | Found a shimmering altar of Xom.
  1376 | D        | Found a sparkling altar of Nemelex Xobeh.
  1376 | D        | Found a hide-covered altar of Uskayaw.
  1376 | D        | Found a basalt altar of Yredelemnul.
  1377 | D        | Found an iron altar of Okawaru.
  1377 | D        | Found a radiant altar of Vehumet.
  1377 | D        | Found a glowing silver altar of Zin.
  1433 | D        | Bought a scroll of blinking for 90 gold pieces
  1433 | D        | Bought a scroll of identify for 24 gold pieces
  1484 | D        | Noticed a death drake
  1489 | D        | Noticed a death drake
  1489 | D        | Noticed a crystal guardian
  1491 | D        | Reached ***** piety under Trog
  1493 | D        | Killed a crystal guardian
  1494 | D        | Reached XP level 10. HP: 60/60 MP: 11/11
  1494 | D        | Gained a life (2 lives remaining)
  1494 | D        | Killed a death drake
  1496 | D        | Killed a death drake
  1504 | D        | Noticed a cane toad
  1504 | D        | Noticed a cane toad
  1511 | D        | Killed a cane toad
  1512 | D        | Reached skill level 15 in Dodging
  1514 | D        | Killed a cane toad
  1566 | D        | Noticed an ice dragon
  1568 | D        | Killed an ice dragon
  1577 | D        | Noticed a deep elf master archer
  1580 | D        | Noticed a great orb of eyes
  1582 | D        | Killed a great orb of eyes
  1592 | D        | Killed a deep elf master archer
  1593 | D        | Reached XP level 11. HP: 67/67 MP: 12/12
  1600 | D        | Noticed a fire dragon
  1600 | D        | Noticed a hell hog
  1600 | D        | Noticed a hell hog
  1866 | D        | Bought the amulet "Tibboal" {Spirit rF++ Str+3 Int-2} for
                  | 679 gold pieces
  2039 | D        | Reached skill level 1 in Spellcasting
  2041 | D        | Killed a hell hog
  2041 | D        | Reached ****** piety under Trog
  2129 | D        | Killed a fire dragon
  2356 | D        | Identified the +3 mace "Hiqeothra" {speed, rF+}
  2377 | D        | Identified the ring of the Devil's Team {Will+ MP+9 Str+8}
  2379 | D        | Identified the +1 flail of the Loving Gods {flame, rPois}
  2380 | D        | Identified the +0 robe of the Tuna {rPois MP+9}
  2414 | D        | Identified the staff "Meopro" {rF- rC+ Dex+2 Earth}
  2439 | D        | Found a glowing golden altar of the Shining One.
  2462 | D        | Gained mutation: Your thick and shaggy fur keeps you warm.
                  | (AC +3, rC+) [Felid growth]
  2462 | D        | Reached XP level 12. HP: 74/74 MP: 17/19
  2469 | D        | Noticed a kraken
  2498 | D        | Killed a kraken
  2500 | D        | Reached skill level 5 in Spellcasting
  3033 | D        | Noticed a sphinx
  3034 | D        | Noticed a sphinx
  3039 | D        | Killed a sphinx
  3042 | D        | Killed a sphinx
  3146 | D        | Killed a hell hog
  3147 | D        | Reached skill level 15 in Fighting
  3147 | D        | Reached skill level 15 in Unarmed Combat
  3270 | D        | Noticed Sonja
  3271 | D        | Noticed a purple draconian shifter
  3271 | D        | Noticed a hellephant
  3448 | D        | Killed a hellephant
  3449 | D        | Reached XP level 13. HP: 11/81 MP: 1/25
  3637 | D        | Killed Sonja
  3647 | D        | Killed a purple draconian shifter
  3765 | D        | Noticed a deep elf blademaster
  3986 | D        | HP: 1/81 [deep elf blademaster/+0 short sword (6)]
  3986 | D        | Mangled by a deep elf blademaster
  3986 | D        | Lost a life (1 life remaining)
  3989 | D        | Killed a deep elf blademaster
  4424 | D        | Found the crystal ball of Wucad Mu {*channel}
  4427 | D        | Identified the +6 hand axe of the Empty Page {speed, *Rage
                  | rN+ rCorr Str+2}
  4428 | D        | Identified the ring of the Akabeko {Ice rN+ SInv Stlth+}
  4433 | D        | Noticed a dire elephant
  4445 | D        | Killed a dire elephant
  4629 | D        | Identified the +10 dagger of Nuiwkot {heavy, Str+6}
  4633 | D        | Identified the +8 dagger of the Devouring Gods {holy,
                  | ^Contam rC++ SInv Stlth+}
  4638 | D        | Identified the +1 tower shield of the Cartwright {rC+}
  4686 | D        | Noticed Gastronok
  4688 | D        | Killed Gastronok
  4695 | D        | Reached skill level 10 in Spellcasting
  4705 | D        | Found the +5 scythe "Finisher" {speed, execute}
  4707 | D        | Found Jala's Book Shoppe.
  4708 | D        | Found Mosisk's Distillery.
  4716 | D        | Found Nopunuf's Jewellery Boutique.
  4718 | D        | Found Jobeykh's Book Shop.
  4719 | D        | Noticed Nessos
  4726 | D        | Killed Nessos
  4735 | D        | Bought the amulet "Myoc" {Acrobat +Inv} for 572 gold pieces
  4963 | D        | Gained mutation: Your magical capacity is low. (-10% MP) [a
                  | shining eye]
  4969 | D        | Reached skill level 5 in Evocations
  4969 | D        | Gained mutation: You are dopey. (Int -2) [a shining eye]
  4971 | D        | Gained mutation: Your health recovers twice as slowly from
                  | being drained. [a shining eye]
  4973 | D        | Gained mutation: You are clumsy. (Dex -2) [a shining eye]
  4982 | D        | Gained mutation: You occasionally lose the ability to drink
                  | potions when taking damage. [a shining eye]
  4983 | D        | Gained mutation: You are vulnerable to heat. (rF-) [a
                  | shining eye]
  4990 | D        | Gained mutation: Your spells are a little easier to cast,
                  | but a little less powerful. [a shining eye]
  5051 | D        | Lost mutation: Your magical capacity is low. (-10% MP)
                  | [potion of mutation]
  5051 | D        | Lost mutation: Your health recovers twice as slowly from
                  | being drained. [potion of mutation]
  5051 | D        | Gained mutation: You are frail. (-10% HP) [potion of
                  | mutation]
  5051 | D        | Lost mutation: You are frail. (-10% HP) [potion of
                  | mutation]
  5052 | D        | Lost mutation: You are dopey. (Int -2) [potion of mutation]
  5052 | D        | Lost mutation: Your spells are a little easier to cast, but
                  | a little less powerful. [potion of mutation]
  5052 | D        | Lost mutation: You are clumsy. (Dex -2) [potion of
                  | mutation]
  5052 | D        | Gained mutation: Your spells are a little easier to cast,
                  | but a little less powerful. [potion of mutation]
  5052 | D        | Lost mutation: Your spells are a little easier to cast, but
                  | a little less powerful. [potion of mutation]
  5052 | D        | Gained mutation: A frigid envelope surrounds you and
                  | freezes all who hurt you. [potion of mutation]
  5052 | D        | Gained mutation: You have hidden genetic potential. [potion
                  | of mutation]
  5053 | D        | Lost mutation: You are vulnerable to heat. (rF-) [potion of
                  | mutation]
  5053 | D        | Lost mutation: You have hidden genetic potential. [potion
                  | of mutation]
  5053 | D        | Lost mutation: A frigid envelope surrounds you and freezes
                  | all who hurt you. [potion of mutation]
  5053 | D        | Gained mutation: You are clumsy. (Dex -2) [potion of
                  | mutation]
  5053 | D        | Gained mutation: You occasionally shout uncontrollably at
                  | your foes. [potion of mutation]
  5053 | D        | Gained mutation: You are weak. (Str -2) [potion of
                  | mutation]
  5054 | D        | Lost mutation: You are clumsy. (Dex -2) [potion of
                  | mutation]
  5054 | D        | Lost mutation: You occasionally lose the ability to drink
                  | potions when taking damage. [potion of mutation]
  5054 | D        | Lost mutation: You are weak. (Str -2) [potion of mutation]
  5054 | D        | Gained mutation: You frequently scream uncontrollably at
                  | your foes. [potion of mutation]
  5054 | D        | Gained mutation: You expend magic power (3 MP) to
                  | strengthen your wands. [potion of mutation]
  5055 | D        | Lost mutation: You frequently scream uncontrollably at your
                  | foes. [potion of mutation]
  5055 | D        | Lost mutation: You expend magic power (3 MP) to strengthen
                  | your wands. [potion of mutation]
  5055 | D        | Lost mutation: You occasionally shout uncontrollably at
                  | your foes. [potion of mutation]
  5055 | D        | Gained mutation: You are weak. (Str -2) [potion of
                  | mutation]
  5055 | D        | Lost mutation: You are weak. (Str -2) [potion of mutation]
  5056 | D        | Gained mutation: You are weak. (Str -2) [potion of
                  | mutation]
  5056 | D        | Gained mutation: You are strong-willed. (Will+) [potion of
                  | mutation]
  5056 | D        | Gained mutation: You are partially covered in iridescent
                  | scales. (AC +2) [potion of mutation]
  5057 | D        | Lost mutation: You are weak. (Str -2) [potion of mutation]
  5057 | D        | Lost mutation: You are partially covered in iridescent
                  | scales. (AC +2) [potion of mutation]
  5057 | D        | Lost mutation: You are strong-willed. (Will+) [potion of
                  | mutation]
  5057 | D        | Gained mutation: Your body sometimes deteriorates upon
                  | taking damage. [potion of mutation]
  5057 | D        | Gained mutation: Your body often deteriorates upon taking
                  | damage. [potion of mutation]
  5057 | D        | Gained mutation: Your spells are a little harder to cast,
                  | but a little more powerful. [potion of mutation]
  5058 | D        | Lost mutation: Your body often deteriorates upon taking
                  | damage. [potion of mutation]
  5058 | D        | Lost mutation: Your spells are a little harder to cast, but
                  | a little more powerful. [potion of mutation]
  5058 | D        | Lost mutation: Your body sometimes deteriorates upon taking
                  | damage. [potion of mutation]
  5058 | D        | Gained mutation: You have an increased reservoir of magic.
                  | (+10% MP) [potion of mutation]
  5058 | D        | Gained mutation: You are agile. (Dex +4, Str/Int -1)
                  | [potion of mutation]
  5058 | D        | Gained mutation: You possess an exceptional clarity of
                  | mind. [potion of mutation]
  5275 | D        | Noticed a lorocyproca
  5275 | D        | Noticed a quicksilver dragon
  5277 | D        | Noticed a quicksilver dragon
  5282 | D        | Killed a quicksilver dragon
  5285 | D        | Killed a lorocyproca
  5291 | D        | Killed a quicksilver dragon
  5292 | D        | Reached XP level 14. HP: 89/90 MP: 11/33
  5292 | D        | Gained a life (2 lives remaining)
  5572 | D        | Noticed a quicksilver dragon
  5574 | D        | Killed a quicksilver dragon
  5594 | D        | Noticed Murray
  5608 | D        | Killed Murray
  5666 | D        | Got the Orb of Zot
  5693 | D        | Noticed an Orb Guardian
  5701 | D        | Killed an Orb Guardian
  5704 | D        | Noticed a Brimstone Fiend
  5723 | D        | Noticed an Executioner
  5726 | D        | Killed an Executioner
  5784 | D        | Escaped with the Orb!

Illustrated notes

Levels and vault maps discovered:
D:        the_violet_keep_of_menkaure [sprint2_stairs_cluster_1,
          sprint2_shoproom, sprint2_temple, sprint2_basic_supplies,
          sprint2_obstacle_2, sprint2_obstacle_7, sprint2_obstacle_3,
          sprint2_obstacle_4, sprint2_obstacle_5, sprint2_timed_cluster_1,
          sprint2_smallroom_cluster_1, sprint2_smallroom_final_cluster_1,
          sprint2_transparent_cluster_1, sprint2_second_timed_cluster_1,
          sprint2_sniper_area_1, sprint2_heavy_combat_area_1,
          sprint2_mutation_trap_area_1, sprint2_forest_area_1,
          sprint2_light_combat_area_1, sprint2_behind_water_1,
          sprint2_near_end_vault_1]

Skill      XL: |  1  2  3  4  5  6  7  8  9 10 11 12 13 14 |
---------------+-------------------------------------------+-----
Stealth        | 15 16 18 19 20 22 23 | 23.0
Fighting       | 4 6 8 9 11 12 13 15 17 18 | 18.4
Dodging        | 6 8 11 12 14 16 17 19 22 23 | 23.2
Unarmed Combat | 4 6 8 9 11 12 13 15 17 18 | 18.4
Spellcasting   | 4 7 11 12 | 12.6
Evocations     | 8 9 |  9.9

Action                     |  1- 3 |  4- 6 |  7- 9 | 10-12 | 13-15 || total
---------------------------+-------+-------+-------+-------+-------++-------
  Melee: Unarmed           |    36 |    17 |    87 |   115 |   133 ||   388
         Bite              |     6 |     2 |    22 |    15 |    14 ||    59
         Punch             |     2 |       |    10 |    12 |    13 ||    37
 Invoke: Berserk           |     1 |     2 |     6 |     6 |     7 ||    22
         Trog's Hand       |       |     1 |     6 |     9 |    11 ||    27
         Brothers in Arms  |       |       |       |     5 |    10 ||    15
Ability: Evoke Invisibilit |       |       |       |       |     1 ||     1
  Evoke: Wand              |       |       |       |       |     1 ||     1
    Use: Potion            |     1 |       |     2 |     5 |    12 ||    20
         Scroll            |       |       |     1 |     1 |       ||     2
   Stab: Sleeping          |       |       |     4 |     7 |    17 ||    28
         Distracted        |       |       |       |     1 |     1 ||     2
 Armour: Skin              |     2 |     4 |    29 |    51 |    60 ||   146
  Dodge: Dodged            |     9 |     5 |   127 |   165 |   119 ||   425

Table legend: (Time is in decaauts)
 A = Elapsed time spent in this place.
 B = Non-inter-level travel time spent in this place.
 C = Inter-level travel time spent in this place.
 D = Time resting spent in this place.
 E = Time spent auto-exploring this place.
 F = Levels seen in this place.
 G = Mean time per level.
                   A        B        C        D        E       F      G
               +--------+--------+--------+--------+--------+-----+--------+
         Total |   5830 |   5792 |     38 |   3609 |     40 |   1 | 5830.0 |
       Dungeon |   5830 |   5792 |     38 |   3609 |     40 |   1 | 5830.0 |
               +--------+--------+--------+--------+--------+-----+--------+

Top non-repeatable levels by time:
       D: 5830 daAuts
